 Dungeon Crawl Stone Soup version 0.30-a0-304-gdc4b735fe1 (webtiles) character file.

Game seed: 3445875345595177052

2559 sleeves the Skirmisher (level 9, -5/46 HPs)
             Began as a Deep Elf Hexslinger on Oct 21, 2022.
             Was a Follower of Okawaru.
             Engulfed by a cloud of flame (18 damage)
             ... on level 7 of the Dungeon.
             The game lasted 00:17:43 (7420 turns).

sleeves the Skirmisher (Deep Elf Hexslinger)        Turns: 7420, Time: 00:17:43

Health: -5/46      AC:  7    Str:  7    XL:     9   Next: 31%
Magic:  14/22      EV: 12    Int: 19    God:    Okawaru [*.....]
Gold:   404        SH:  0    Dex: 25    Spells: 3/11 levels left

rFire   . . .      SeeInvis .    F - +0 shortbow
rCold   . . .      Faith    .    (shield currently unavailable)
rNeg    . . .      Spirit   .    E - +1 leather armour {rPois}
rPois   +          Reflect  .    c - +0 helmet
rElec   .          Harm     .    n - +1 cloak
rCorr   .          Rampage  .    (no gloves)
Will    .....                    (no boots)
Stlth   ++........               w - amulet of regeneration
HPRegen 1.07/turn                C - ring of magical power
MPRegen 0.18/turn                k - +6 ring of dexterity

@: no status effects
A: no striking features
a: Renounce Religion, Heroism


You were on level 7 of the Dungeon.
You worshipped Okawaru.
Okawaru was aware of your devotion.
You visited 2 branches of the dungeon, and saw 8 of its levels.

You collected 428 gold pieces.
You spent 24 gold pieces at shops.

Inventory:

Hand Weapons
 a - a +1 sling
 F - a +0 shortbow (weapon)
   (You took it off a centaur on level 5 of the Dungeon)
Armour
 c - a +0 helmet (worn)
   (You found it on level 6 of the Dungeon)
 f - a scarf of repulsion
   (You found it on level 1 of the Dungeon)
 n - a +1 cloak (worn)
   (You found it on level 2 of the Dungeon)
 E - a +1 leather armour of poison resistance (worn)
   (You took it off an orc on level 5 of the Dungeon)
Jewellery
 d - a ring of see invisible
   (You found it on level 1 of the Dungeon)
 h - a ring of fire
   (You found it on level 1 of the Dungeon)
 k - a +6 ring of dexterity (right hand)
   (You found it on level 2 of the Dungeon)
 o - an amulet of magic regeneration
   (You found it on level 7 of the Dungeon)
 w - an amulet of regeneration (around neck)
   (You took it off an orc on level 3 of the Dungeon)
 A - a ring of resist corrosion
   (You found it on level 4 of the Dungeon)
 C - a ring of magical power (left hand)
   (You found it on level 4 of the Dungeon)
Wands
 u - a wand of roots (23)
   (You found it on level 5 of the Dungeon)
 v - a wand of flame (39)
   (You found it on level 3 of the Dungeon)
 x - a wand of charming (5)
   (You took it off a kobold on level 3 of the Dungeon)
Scrolls
 b - 2 scrolls of poison
 e - 2 scrolls of magic mapping
 i - 2 scrolls of blinking {unknown}
 j - a scroll of brand weapon {unknown}
 p - 2 scrolls of vulnerability
 r - 3 scrolls of amnesia
 t - a scroll of identify
 y - 2 scrolls of enchant weapon {unknown}
 z - a scroll of fear {unknown}
 D - 2 scrolls of teleportation {unknown}
 H - a scroll of torment {unknown}
Potions
 g - 2 potions of might
 l - 3 potions of brilliance
 m - a potion of magic {unknown}
 q - a potion of haste {unknown}
 s - 4 potions of heal wounds
 B - 2 potions of lignification {unknown}
 G - 6 potions of curing {unknown}
 I - a potion of mutation {unknown}


   Skills:
 - Level 0.7 Fighting
 + Level 13.8 Ranged Weapons
 - Level 2.4 Dodging
 - Level 1.5 Spellcasting
 - Level 10.0 Hexes


You had 3 spell levels left.
You knew the following spells:

 Your Spells              Type           Power      Damage    Failure   Level
a - Slow                  Hex            100%       N/A       1%          1
b - Inner Flame           Hex/Fire       20%        N/A       11%         3
c - Cause Fear            Hex            19%        N/A       4%          4

Your spell library contained the following spells:

 Spells                   Type           Power      Damage    Failure   Level
 Confusing Touch          Hex            39%        N/A       1%          3
 Portal Projectile        Hex/Tloc       40%        N/A       11%         3
 Kiss of Death            Conj/Necr      4%         2d5       26%         1
 Dispel Undead            Necr           1%         3d6       95%         4


Dungeon Overview and Level Annotations

Branches:
Dungeon (7/15)             Temple (1/1) D:6

Altars:
Ashenzari
Cheibriados
Elyvilon
Fedhas
Gozag
Hepliaklqana
Kikubaaqudgha
Makhleb
Nemelex Xobeh
Okawaru
Qazlal
Ru
Sif Muna
Trog
Uskayaw
Vehumet
Wu Jian
Xom
Yredelemnul
Zin
The Shining One

Shops:
D:3 *   D:6 *

Annotations:
D:2 exclusion: 2 upstairs, Natasha
D:4 1 runed translucent door, Crazy Yiuf


Message History

(D) Dungeon (T) Temple
Where to? (Enter - Temple @ (x,y), ? - help)
There is a staircase back to the Dungeon here.
You climb upwards.
Welcome back to the Dungeon!
There is a staircase to the Ecumenical Temple here.
Unknown command.
Things that are here:
5 stones; a +0 short sword
Items here: (( )) [ †.
Things that are here:
6 poisoned darts; a +0 club; a kobold corpse
Things that are here:
6 poisoned darts; a +0 club; a kobold corpse
Found a short sword.
Found a stone staircase leading up.
You pick up a book of Touch and begin reading...
You add the spells Kiss of Death, Confusing Touch and Dispel Undead to your library.
There is a stone staircase leading up here.
Found a chain mail.
s - 3 sedimented brown potions (gained 1)
o - 3 scrolls labelled AHANAT YTOLO (gained 1)
An adder comes into view.
The adder hisses angrily.
An adder is nearby!
You shoot an arrow. The arrow hits the adder!
The adder is severely wounded.
You shoot an arrow. The arrow completely misses the adder.
You shoot an arrow. The arrow hits the adder.
You kill the adder!
Okawaru accepts your kill.
b - 2 scrolls of poison (gained 1)
Found a stone staircase leading down.
You see here a +0 chain mail.
Found Ahiduhaukosm's Assorted Antiques.
Found a stone staircase leading down.
There is an entrance to Ahiduhaukosm's Assorted Antiques here.
You can access your shopping list by pressing '$'.
There is an entrance to Ahiduhaukosm's Assorted Antiques here.
Found a glaive.
You now have 291 gold pieces (gained 12).
G - 2 smoky purple potions (gained 1)
G - 4 smoky purple potions (gained 2)
Found a robe.
Found a scale mail.
You now have 295 gold pieces (gained 4).
Found a stone staircase leading down.
Key pressed, stopping explore.
You now have 304 gold pieces (gained 9).
D - 2 scrolls labelled FOTOSY YRRU (gained 1)
A black bear comes into view.
Found a robe.
You shoot an arrow. The arrow hits the black bear.
The black bear is lightly wounded.
You shoot an arrow. The arrow hits the black bear.
The black bear is lightly wounded.
Casting: Slow (safe; 1% risk of failure)
Confirm with . or Enter, or press ? or * to list all spells.
Aiming: Slow (safe; 1% risk of failure)
Press: ? - help, Shift-Dir - straight line, f/p - black bear
Aim: a black bear (lightly wounded, chance to affect: 56%)
The black bear resists with significant effort.
Casting: Slow (safe; 1% risk of failure)
Confirm with . or Enter, or press ? or * to list all spells.
Aiming: Slow (safe; 1% risk of failure)
Press: ? - help, Shift-Dir - straight line, f/p - black bear
Aim: a black bear (lightly wounded, chance to affect: 56%)
The black bear resists with significant effort.
Casting: Slow (safe; 1% risk of failure)
Confirm with . or Enter, or press ? or * to list all spells.
Aiming: Slow (safe; 1% risk of failure)
Press: ? - help, Shift-Dir - straight line, f/p - black bear
Aim: a black bear (lightly wounded, chance to affect: 56%)
The black bear seems to slow down.
Unknown command.
Casting: Slow (safe; 1% risk of failure)
Confirm with . or Enter, or press ? or * to list all spells.
Aiming: Inner Flame (dangerous; 12% risk of failure)
Press: ? - help, Dir - move target, f/p - black bear
Aim: a black bear (lightly wounded, slow, chance to affect: 74%)
The black bear struggles to resist.
Casting: Inner Flame (dangerous; 12% risk of failure)
Confirm with . or Enter, or press ? or * to list all spells.
Aiming: Inner Flame (dangerous; 12% risk of failure)
Press: ? - help, Dir - move target, f/p - black bear
Aim: a black bear (lightly wounded, slow, chance to affect: 74%)
The black bear is filled with an inner flame.
Fire: F) +0 shortbow
Press: ? - help, Q - select action, (/) - cycle Shift-Dir - straight line, f/p - black bear
Aim: a black bear (lightly wounded, inner flame, slow, 74% to hit)
You shoot an arrow.
The arrow hits the black bear but does no damage.
The black bear is lightly wounded.
Fire: F) +0 shortbow
Press: ? - help, Q - select action, (/) - cycle Shift-Dir - straight line, f/p - black bear
Aim: a black bear (lightly wounded, inner flame, slow, 74% to hit)
You shoot an arrow.
The arrow closely misses the black bear.
Fire: F) +0 shortbow
Press: ? - help, Q - select action, (/) - cycle Shift-Dir - straight line, f/p - black bear
Aim: a black bear (lightly wounded, inner flame, slow, 74% to hit)
You shoot an arrow. The arrow hits the black bear!
Flame seeps out of the black bear.
The black bear is heavily wounded.
Fire: F) +0 shortbow
Press: ? - help, Q - select action, (/) - cycle Shift-Dir - straight line, f/p - black bear
Aim: a black bear (flame, heavily wounded, inner flame, slow, 74% to hit)
You shoot an arrow. The arrow barely misses the black bear.
The black bear is no longer moving slowly.
The black bear is engulfed in blazing flames.
Flame seeps out of the black bear.
Fire: F) +0 shortbow
Press: ? - help, Q - select action, (/) - cycle Shift-Dir - straight line, f/p - black bear
Aim: a black bear (almost dead, inner flame, 74% to hit)
You shoot an arrow. The arrow hits the black bear!
Okawaru accepts your kill.
The black bear explodes!
You hear a shout!
Magic restored.
A troll comes into view.
A troll is nearby!
A troll is nearby!
Casting: Inner Flame (dangerous; 11% risk of failure)
Confirm with . or Enter, or press ? or * to list all spells.
Aiming: Slow (safe; 1% risk of failure)
Press: ? - help, Shift-Dir - straight line, f - troll
Aim: a troll (chance to affect: 56%)
The troll seems to slow down.
The troll closely misses you. The troll claws you but does no damage.
The troll claws you.
Casting: Slow (safe; 1% risk of failure)
Confirm with . or Enter, or press ? or * to list all spells.
Aiming: Slow (safe; 1% risk of failure)
Press: ? - help, Shift-Dir - straight line, f/p - troll
Aim: a troll (chance to affect: 56%)
The troll resists with significant effort.
Casting: Slow (safe; 1% risk of failure)
Confirm with . or Enter, or press ? or * to list all spells.
Aiming: Slow (safe; 1% risk of failure)
Press: ? - help, Shift-Dir - straight line, f/p - troll
Aim: a troll (chance to affect: 56%)
The troll resists with significant effort.
Casting: Slow (safe; 1% risk of failure)
Confirm with . or Enter, or press ? or * to list all spells.
Aiming: Slow (safe; 1% risk of failure)
Press: ? - help, Shift-Dir - straight line, f/p - troll
Aim: a troll (chance to affect: 56%)
The troll seems to slow down.
Casting: Slow (safe; 1% risk of failure)
Confirm with . or Enter, or press ? or * to list all spells.
Aiming: Inner Flame (dangerous; 11% risk of failure)
Press: ? - help, Dir - move target, f/p - troll
Aim: a troll (slow, chance to affect: 74%)
The troll struggles to resist.
Casting: Inner Flame (dangerous; 11% risk of failure)
Confirm with . or Enter, or press ? or * to list all spells.
Aiming: Inner Flame (dangerous; 11% risk of failure)
Press: ? - help, Dir - move target, f/p - troll
Aim: a troll (slow, chance to affect: 74%)
The troll is filled with an inner flame.
Casting: Inner Flame (dangerous; 11% risk of failure)
Confirm with . or Enter, or press ? or * to list all spells.
Aiming: Slow (safe; 1% risk of failure)
Press: ? - help, Shift-Dir - straight line, f/p - troll
Aim: a troll (inner flame, slow, chance to affect: 56%)
The troll resists with significant effort.
Casting: Slow (safe; 1% risk of failure)
Confirm with . or Enter, or press ? or * to list all spells.
Aiming: Slow (safe; 1% risk of failure)
Press: ? - help, Shift-Dir - straight line, f/p - troll
Aim: a troll (inner flame, slow, chance to affect: 56%)
The troll seems to slow down.
Fire: F) +0 shortbow
Press: ? - help, Q - select action, (/) - cycle Shift-Dir - straight line, f/p - troll
Aim: a troll (inner flame, slow, 68% to hit)
You shoot an arrow. The arrow hits the troll.
Flame seeps out of the troll.
The troll is lightly wounded.
The troll is engulfed in blazing flames.
Flame seeps out of the troll.
Fire: F) +0 shortbow
Press: ? - help, Q - select action, (/) - cycle Shift-Dir - straight line, f/p - troll
Aim: a troll (moderately wounded, inner flame, slow, 68% to hit)
You shoot an arrow. The arrow hits the troll.
Flame seeps out of the troll.
The troll is moderately wounded.
The troll is engulfed in blazing flames.
Flame seeps out of the troll.
Fire: F) +0 shortbow
Press: ? - help, Q - select action, (/) - cycle Shift-Dir - straight line, f/p - troll
Aim: a troll (severely wounded, inner flame, slow, 68% to hit)
You shoot an arrow.
The arrow hits the troll but does no damage.
The troll is severely wounded.
Fire: F) +0 shortbow
Press: ? - help, Q - select action, (/) - cycle Shift-Dir - straight line, f/p - troll
Aim: a troll (heavily wounded, inner flame, slow, 68% to hit)
You shoot an arrow. The arrow hits the troll.
Flame seeps out of the troll.
The troll is severely wounded.
The troll is engulfed in blazing flames.
Flame seeps out of the troll.
Fire: F) +0 shortbow
Press: ? - help, Q - select action, (/) - cycle Shift-Dir - straight line, f/p - troll
Aim: a troll (severely wounded, inner flame, slow, 68% to hit)
You shoot an arrow.
The arrow hits the troll but does no damage.
The troll is severely wounded.
Fire: F) +0 shortbow
Press: ? - help, Q - select action, (/) - cycle Shift-Dir - straight line, f/p - troll
Aim: a troll (severely wounded, inner flame, slow, 68% to hit)
You shoot an arrow. The arrow hits the troll.
Flame seeps out of the troll.
The troll is almost dead.
The troll is engulfed in blazing flames.
Okawaru accepts your kill.
The troll leather armour is intact enough to wear.
The troll explodes!
Training target 10.0 for Hexes reached!
Your Ranged Weapons skill increases to level 12!
Your Hexes skill increases to level 10!
You start resting.
Magic restored.
Things that are here:
a +0 troll leather armour; a troll corpse
Things that are here:
6 poisoned darts; a +0 club You open the door.
Found 8 stones and a leather armour.
There is an open door here.
u - a wand of roots (23) (gained 13 charges)
v - a wand of flame (39) (gained 23 charges)
H - a scroll of identify
Okay, then.
You start putting on your armour.
You continue putting on your +0 helmet. x4
You finish putting on your +0 helmet.
B - 2 black potions (gained 1)
H - 2 scrolls of identify (gained 1)
I - a ruby potion
o - 4 scrolls labelled AHANAT YTOLO (gained 1)
There is an open door here.
You open the door.
A necrophage, a scorpion, a sky beast, a howler monkey and 2 orcs come into view.
Found 7 gold pieces.
Okay, then.
Fire: F) +0 shortbow
Press: ? - help, Q - select action, (/) - cycle Shift-Dir - straight line, f - necrophage
Aim: a necrophage (69% to hit)
You shoot an arrow. The arrow hits the necrophage!
The necrophage is moderately damaged.
Fire: F) +0 shortbow
Press: ? - help, Q - select action, (/) - cycle Shift-Dir - straight line, f/p - necrophage
Aim: a necrophage (moderately damaged, 69% to hit)
You shoot an arrow.
The arrow closely misses the necrophage.
The arrow hits the scorpion!
The scorpion is heavily wounded.
Fire: F) +0 shortbow
Press: ? - help, Q - select action, (/) - cycle Shift-Dir - straight line, f/p - necrophage
Aim: a necrophage (moderately damaged, 69% to hit)
You shoot an arrow.
The arrow hits the necrophage but does no damage.
The necrophage is moderately damaged.
Fire: F) +0 shortbow
Press: ? - help, Q - select action, (/) - cycle Shift-Dir - straight line, f/p - necrophage
Aim: a necrophage (moderately damaged, 69% to hit)
You shoot an arrow. The arrow hits the necrophage!
The necrophage is severely damaged.
The necrophage attacks as you move away!
The necrophage closely misses you.
The necrophage attacks as you move away!
The necrophage hits you.
You feel drained.
Fire: F) +0 shortbow
Press: ? - help, Q - select action, (/) - cycle Shift-Dir - straight line, f/p - necrophage
Aim: a necrophage (severely damaged, 69% to hit)
You shoot an arrow. The arrow hits the necrophage!
The necrophage is almost destroyed.
The necrophage closely misses you.
Fire: F) +0 shortbow
Press: ? - help, Q - select action, (/) - cycle Shift-Dir - straight line, f/p - necrophage
Aim: a necrophage (almost destroyed, 69% to hit)
You shoot an arrow. The arrow hits the necrophage.
You destroy the necrophage!
Okawaru accepts your kill.
Your life force feels restored.
Fire: F) +0 shortbow
Press: ? - help, Q - select action, (/) - cycle Shift-Dir - straight line, f - scorpion
Aim: a scorpion (heavily wounded, 69% to hit)
You shoot an arrow. The arrow hits the scorpion.
The scorpion is severely wounded.
The scorpion barely misses you.
Fire: F) +0 shortbow
Press: ? - help, Q - select action, (/) - cycle Shift-Dir - straight line, f/p - scorpion
Aim: a scorpion (severely wounded, 69% to hit)
You shoot an arrow.
The arrow hits the scorpion but does no damage.
The scorpion is severely wounded.
The scorpion stings you but does no damage.
Fire: F) +0 shortbow
Press: ? - help, Q - select action, (/) - cycle Shift-Dir - straight line, f/p - scorpion
Aim: a scorpion (severely wounded, 69% to hit)
You shoot an arrow.
The arrow completely misses the scorpion.
The scorpion stings you. x2
Fire: F) +0 shortbow
Press: ? - help, Q - select action, (/) - cycle Shift-Dir - straight line, f/p - scorpion
Aim: a scorpion (severely wounded, 69% to hit)
You shoot an arrow. The arrow hits the scorpion.
The scorpion is almost dead.
The scorpion stings you.
Fire: F) +0 shortbow
Press: ? - help, Q - select action, (/) - cycle Shift-Dir - straight line, f/p - scorpion
Aim: a scorpion (almost dead, 69% to hit)
You shoot an arrow. The arrow hits the scorpion!
You kill the scorpion!
Okawaru accepts your kill.
Fire: F) +0 shortbow
Press: ? - help, Q - select action, (/) - cycle Shift-Dir - straight line, f - you Really target yourself?
Okay, then.
As you read the scroll of identify, it crumbles to dust.
o - 4 scrolls of butterflies
As you read the scroll of identify, it crumbles to dust.
t - 6 scrolls of noise You drop 4 scrolls of butterflies.
You drop 6 scrolls of noise.
Okay, then.
HP restored.
You shoot an arrow. The arrow hits the orc!
You kill the orc!
Okawaru accepts your kill.
The orc shouts!
You hear a howl!
A kobold brigand comes into view.
It is wielding a +2 dagger of electrocution and quivering poisoned darts.
A black bear comes into view.
The orc throws a boomerang.
The boomerang hits you but does no damage.
The black bear growls angrily.
The kobold brigand shouts!
Casting: Slow (safe; 1% risk of failure)
Confirm with . or Enter, or press ? or * to list all spells.
Aiming: Inner Flame (dangerous; 11% risk of failure)
Press: ? - help, Dir - move target, f - orc
Aim: an orc, wielding a +0 club and quivering boomerangs (chance to affect: 87%)
The orc is filled with an inner flame.
Fire: F) +0 shortbow
Press: ? - help, Q - select action, (/) - cycle Shift-Dir - straight line, f/p - orc
Aim: an orc, wielding a +0 club and quivering boomerangs (inner flame, 69% to hit)
You shoot an arrow. The arrow hits the orc.
Flame seeps out of the orc.
The orc is heavily wounded.
The orc is engulfed in blazing flames.
Okawaru accepts your kill.
The orc explodes!
The fiery explosion engulfs the howler monkey!!!
You kill the howler monkey!
Okawaru accepts your kill.
You can now gain great but temporary skills.
You have reached level 9!
Your experience leads to an increase in your attributes!
Your base attributes are Str 7, Int 19, Dex 17.
Increase (S)trength, (I)ntelligence, or (D)exterity?
You feel agile. x2
Fire: F) +0 shortbow
Press: ? - help, Q - select action, (/) - cycle Shift-Dir - straight line, f - black bear
Aim: a black bear (75% to hit)
You shoot an arrow. The arrow hits the black bear!
The black bear is severely wounded.
Fire: F) +0 shortbow
Press: ? - help, Q - select action, (/) - cycle Shift-Dir - straight line, f/p - black bear
Aim: a black bear (severely wounded, 75% to hit)
You shoot an arrow.
The arrow hits the black bear but does no damage.
The black bear is severely wounded.
Casting: Inner Flame (dangerous; 11% risk of failure)
Confirm with . or Enter, or press ? or * to list all spells.
Aiming: Inner Flame (dangerous; 11% risk of failure)
Press: ? - help, Dir - move target, f - kobold brigand, p - black bear
Aim: a kobold brigand, wielding a +2 dagger of electrocution and quivering poisoned darts (chance to affect: 75%)
The kobold brigand is filled with an inner flame.
The kobold brigand throws a poisoned dart.
The poisoned dart closely misses you.
Fire: F) +0 shortbow
Press: ? - help, Q - select action, (/) - cycle Shift-Dir - straight line, f/p - kobold brigand
Aim: a kobold brigand, wielding a +2 dagger of electrocution and quivering poisoned darts (inner flame, 64% to hit)
You shoot an arrow. The arrow hits the kobold brigand!
Flame seeps out of the kobold brigand.
The kobold brigand is moderately wounded.
Fire: F) +0 shortbow
Press: ? - help, Q - select action, (/) - cycle Shift-Dir - straight line, f/p - kobold brigand
Aim: a kobold brigand, wielding a +2 dagger of electrocution and quivering poisoned darts (flame, moderately wounded, inner flame, 64% to hit)
You shoot an arrow. The arrow hits the kobold brigand.
Flame seeps out of the kobold brigand.
The kobold brigand is heavily wounded.
The kobold brigand is engulfed in blazing flames.
Flame seeps out of the kobold brigand.
The kobold brigand throws a poisoned dart.
The poisoned dart barely misses you.
Fire: F) +0 shortbow
Press: ? - help, Q - select action, (/) - cycle Shift-Dir - straight line, f/p - kobold brigand
Aim: a kobold brigand, wielding a +2 dagger of electrocution and quivering poisoned darts (flame, almost dead, inner flame, 64% to hit)
You shoot an arrow.
The arrow closely misses the kobold brigand.
The kobold brigand is engulfed in blazing flames.
Okawaru accepts your kill.
The kobold brigand explodes!
The fiery explosion engulfs the black bear!!
You kill the black bear!
Okawaru accepts your kill.
You hear a shout!
A sky beast is nearby!
Fire: F) +0 shortbow
Press: ? - help, Q - select action, (/) - cycle Shift-Dir - straight line, f - sky beast
Aim: a sky beast (wandering, hasn't noticed you, 62% to hit)
You shoot an arrow.
The arrow completely misses the sky beast.
Casting: Inner Flame (dangerous; 11% risk of failure)
Confirm with . or Enter, or press ? or * to list all spells.
Aiming: Inner Flame (dangerous; 11% risk of failure)
Press: ? - help, Dir - move target, f/p - sky beast
Aim: a sky beast (chance to affect: 75%)
The sky beast struggles to resist.
Casting: Inner Flame (dangerous; 11% risk of failure)
Confirm with . or Enter, or press ? or * to list all spells.
Aiming: Inner Flame (dangerous; 11% risk of failure)
Press: ? - help, Dir - move target, f/p - sky beast
Aim: a sky beast (chance to affect: 75%)
The sky beast struggles to resist.
Casting: Inner Flame (dangerous; 11% risk of failure)
Confirm with . or Enter, or press ? or * to list all spells.
Aiming: Inner Flame (dangerous; 11% risk of failure)
Press: ? - help, Dir - move target, f/p - sky beast
Aim: a sky beast (chance to affect: 75%)
The sky beast is filled with an inner flame.
Unknown command.
Fire: F) +0 shortbow
Press: ? - help, Q - select action, (/) - cycle Shift-Dir - straight line, f/p - sky beast
Aim: a sky beast (inner flame, 62% to hit)
You shoot an arrow. The arrow hits the sky beast!
Flame seeps out of the sky beast.
The sky beast is moderately wounded.
The sky beast is engulfed in blazing flames.
Flame seeps out of the sky beast.
The sky beast flickers out of sight!
Deactivating autopickup; reactivate with Ctrl-A.
Fire: F) +0 shortbow
Press: ? - help, Q - select action, (/) - cycle Shift-Dir - straight line You shoot an arrow.
You're wearing all the rings you can.
Remove which one? (? for menu, Esc to cancel) < or
C - a ring of magical power; > or
k - a +6 ring of dexterity You remove your ring of magical power.
You feel your magic capacity decrease.
Reactivating autopickup.
d - a ring of see invisible (left hand)
The sky beast barely misses you.
Casting: Inner Flame (dangerous; 11% risk of failure)
Confirm with . or Enter, or press ? or * to list all spells.
Aiming: Slow (safe; 1% risk of failure)
Press: ? - help, Shift-Dir - straight line, f - sky beast
Aim: a sky beast (severely wounded, inner flame, slightly transparent, chance to affect: 56%)
The sky beast seems to slow down.
* * * LOW MAGIC WARNING * * *
The sky beast closely misses you.
Things that are here:
6 scrolls of noise; 4 scrolls of butterflies Fire: F) +0 shortbow
Press: ? - help, Q - select action, (/) - cycle Shift-Dir - straight line, f/p - sky beast
Aim: a sky beast (severely wounded, inner flame, slightly transparent, slow, 62% to hit)
You shoot an arrow. The arrow hits the sky beast.
Flame seeps out of the sky beast.
The sky beast is almost dead.
The sky beast is engulfed in blazing flames.
Okawaru accepts your kill.
The sky beast explodes!
Your Ranged Weapons skill increases to level 13!
Things that are here:
a +2 dagger of electrocution; 8 poisoned darts An orc warrior comes into view.
It is wielding a +0 flail.
There is an open door here.
An orc warrior is nearby!
You shoot an arrow. The orc warrior shouts!
The arrow hits the orc warrior but does no damage.
Casting: Slow (safe; 1% risk of failure)
Confirm with . or Enter, or press ? or * to list all spells.
Aiming: Slow (safe; 1% risk of failure)
Press: ? - help, Shift-Dir - straight line, f/p - orc warrior
Aim: an orc warrior, wielding a +0 flail and wearing a +0 plate armour (chance to affect: 56%)
The orc warrior seems to slow down.
You see here a black bear corpse.
Things that are here:
a +0 club; 2 boomerangs
Casting: Slow (safe; 1% risk of failure)
Confirm with . or Enter, or press ? or * to list all spells.
Aiming: Inner Flame (dangerous; 11% risk of failure)
Press: ? - help, Dir - move target, f/p - orc warrior
Aim: an orc warrior, wielding a +0 flail and wearing a +0 plate armour (slow, chance to affect: 75%)
The orc warrior is filled with an inner flame.
Fire: F) +0 shortbow
Press: ? - help, Q - select action, (/) - cycle Shift-Dir - straight line, f/p - orc warrior
Aim: an orc warrior, wielding a +0 flail and wearing a +0 plate armour (inner flame, slow, 70% to hit)
You shoot an arrow. The arrow hits the orc warrior!
Flame seeps out of the orc warrior.
The orc warrior is heavily wounded.
Fire: F) +0 shortbow
Press: ? - help, Q - select action, (/) - cycle Shift-Dir - straight line, f/p - orc warrior
Aim: an orc warrior, wielding a +0 flail and wearing a +0 plate armour (flame, heavily wounded, inner flame, slow, 70% to hit)
You shoot an arrow.
The arrow hits the orc warrior but does no damage.
The orc warrior is heavily wounded.
The orc warrior is engulfed in blazing flames.
Flame seeps out of the orc warrior.
Fire: F) +0 shortbow
Press: ? - help, Q - select action, (/) - cycle Shift-Dir - straight line, f/p - orc warrior
Aim: an orc warrior, wielding a +0 flail and wearing a +0 plate armour (severely wounded, inner flame, slow, 70% to hit)
You shoot an arrow. The arrow hits the orc warrior.
Flame seeps out of the orc warrior.
The orc warrior is almost dead.
The orc warrior is engulfed in blazing flames.
Okawaru accepts your kill.
The orc warrior explodes!
You're wearing all the rings you can.
Remove which one? (? for menu, Esc to cancel) < or
d - a ring of see invisible; > or
k - a +6 ring of dexterity You remove your ring of see invisible.
You feel your magic capacity increase.
C - a ring of magical power (left hand)
Things that are here:
a +0 flail; a +0 plate armour
Things that are here:
a +0 club; 2 boomerangs You see here a black bear skeleton.
There is an open door here.
You now have 311 gold pieces (gained 7).
There is an open door here.
Found a whip.
Search for what [Enter for "oka", or ? for help]?
Search for what [Enter for "oka", or ? for help]? armor
y - 2 scrolls labelled GYXTUU XITA (gained 1)
You now have 322 gold pieces (gained 11).
You see here a +0 robe.
You now have 335 gold pieces (gained 13).
Done exploring.
Done exploring.
Done exploring.
(D) Dungeon (T) Temple
Where to? (Enter - D:6, ? - help)
There is a stone staircase leading down here.
You climb downwards.
Found a scroll labelled QESTIHIO TEFECW.
Found a broken altar of Ashenzari.
Found a stone staircase leading down.
There is a stone staircase leading up here.
Unknown command.
r - 2 scrolls labelled QESTIHIO TEFECW (gained 1)
You open the door.
There is an open door here.
You open the door.
A scorpion comes into view.
There is an open door here.
A scorpion is nearby!
A scorpion is nearby!
You shoot an arrow. The arrow hits the scorpion!
The scorpion is severely wounded.
You shoot an arrow.
The arrow hits the scorpion but does no damage.
The scorpion is severely wounded.
You shoot an arrow. The arrow hits the scorpion!
You kill the scorpion!
Okawaru accepts your kill.
You open the door.
There is an open door here.
Found 2 stones.
You open the door.
A bullfrog comes into view.
A bullfrog is nearby!
You shoot an arrow. The arrow hits the bullfrog!
The bullfrog gives a loud, deep croak!
The bullfrog is severely wounded.
You shoot an arrow. The arrow hits the bullfrog.
The bullfrog is almost dead.
The bullfrog hits you.
You shoot an arrow. The arrow hits the bullfrog!
You kill the bullfrog!
Okawaru accepts your kill.
Found a stone staircase leading down.
There is an open door here.
You open the door.
An orc comes into view. It is wielding a +0 flail.
An orc is nearby!
You shoot an arrow. The arrow hits the orc.
The orc is heavily wounded.
You shoot an arrow. The arrow hits the orc.
The orc is almost dead.
You shoot an arrow. The arrow hits the orc.
You kill the orc!
Okawaru accepts your kill.
Found a stone staircase leading up.
There is an open door here.
Things that are here:
a +0 flail; a +0 ring mail; an orc corpse
Found a club.
An orc comes into view. It is wielding a +0 flail.
You shoot an arrow. The arrow hits the orc.
The orc is severely wounded.
You hear a shout!
An orc comes into view. It is wielding a +0 short sword.
An orc comes into view. It is wielding a +0 club.
Casting: Inner Flame (dangerous; 11% risk of failure)
Confirm with . or Enter, or press ? or * to list all spells.
Aiming: Inner Flame (dangerous; 11% risk of failure)
Press: ? - help, Dir - move target, f/p - orc
Aim: an orc, wielding a +0 flail and wearing a +0 chain mail (severely wounded, chance to affect: 87%)
The orc is filled with an inner flame.
Fire: F) +0 shortbow
Press: ? - help, Q - select action, (/) - cycle Shift-Dir - straight line, f/p - orc
Aim: an orc, wielding a +0 flail and wearing a +0 chain mail (severely wounded, inner flame, 75% to hit)
You shoot an arrow. The arrow barely misses the orc.
Fire: F) +0 shortbow
Press: ? - help, Q - select action, (/) - cycle Shift-Dir - straight line, f/p - orc
Aim: an orc, wielding a +0 flail and wearing a +0 chain mail (severely wounded, inner flame, 75% to hit)
You shoot an arrow. The arrow barely misses the orc.
The arrow closely misses the orc.
An orc comes into view. It is wielding a +2 whip of venom.
Fire: F) +0 shortbow
Press: ? - help, Q - select action, (/) - cycle Shift-Dir - straight line, f/p - orc
Aim: an orc, wielding a +0 flail and wearing a +0 chain mail (severely wounded, inner flame, 75% to hit)
You shoot an arrow. The arrow closely misses the orc.
The arrow hits the orc.
The orc is severely wounded.
An orc comes into view. It is wielding a +0 mace.
Fire: F) +0 shortbow
Press: ? - help, Q - select action, (/) - cycle Shift-Dir - straight line, f/p - orc
Aim: an orc, wielding a +0 flail and wearing a +0 chain mail (severely wounded, inner flame, 75% to hit)
You shoot an arrow. The orc shouts!
The arrow hits the orc!
Okawaru accepts your kill.
The orc explodes!
The fiery explosion engulfs the orc!
You kill the orc!
Okawaru accepts your kill.
The fiery explosion engulfs the orc!!
You kill the orc!
Okawaru accepts your kill.
Fire: F) +0 shortbow
Press: ? - help, Q - select action, (/) - cycle Shift-Dir - straight line, f - orc
Aim: an orc, wielding a +2 whip of venom and wearing a +0 leather armour (70% to hit)
You shoot an arrow. The arrow closely misses the orc.
The arrow hits the orc!
You kill the orc!
Okawaru accepts your kill.
Fire: F) +0 shortbow
Press: ? - help, Q - select action, (/) - cycle Shift-Dir - straight line, f/p - orc
Aim: an orc, wielding a +2 whip of venom and wearing a +0 leather armour (70% to hit)
You shoot an arrow.
The arrow hits the orc but does no damage.
Fire: F) +0 shortbow
Press: ? - help, Q - select action, (/) - cycle Shift-Dir - straight line, f/p - orc
Aim: an orc, wielding a +2 whip of venom and wearing a +0 leather armour (70% to hit)
You shoot an arrow. The arrow hits the orc!
You kill the orc!
Okawaru accepts your kill.
Fire: F) +0 shortbow
Press: ? - help, Q - select action, (/) - cycle Shift-Dir - straight line, f - you Really target yourself?
Okay, then.
Unknown command.
Magic restored.
You see here a +0 short sword.
Items here: )) [[ †.
You see here a staff of earth.
Found a stone staircase leading up.
o - an amulet of magic regeneration
Okay, then.
You open the door.
There is an open door here.
You open the door.
There is an open door here.
t - a scroll of identify
As you read the scroll of identify, it crumbles to dust.
s - 3 potions of heal wounds You open the door.
There is an open door here.
r - 3 scrolls labelled QESTIHIO TEFECW (gained 1)
t - a scroll of identify You now have 346 gold pieces (gained 11).
Found a robe.
t - 2 scrolls of identify (gained 1)
You open the door.
A shadow imp comes into view.
Found 21 gold pieces.
There is an open door here.
You shoot an arrow. The arrow hits the shadow imp!
The shadow imp shouts!
The shadow imp is almost dead.
You shoot an arrow.
The arrow hits the shadow imp but does no damage.
The shadow imp is almost dead.
You shoot an arrow.
The arrow hits the shadow imp but does no damage.
The shadow imp is almost dead.
The shadow imp gestures at you. You resist with significant effort.
You shoot an arrow. The arrow barely misses the shadow imp.
You shoot an arrow. The arrow hits the shadow imp!
You kill the shadow imp!
Okawaru accepts your kill.
As you read the scroll of identify, it crumbles to dust.
p - 2 scrolls of vulnerability
As you read the scroll of identify, it crumbles to dust.
r - 3 scrolls of amnesia You now have 367 gold pieces (gained 21).
You now have 373 gold pieces (gained 6).
Found an escape hatch in the ceiling.
A hound comes into view.
The hound moves out of view.
A hound is nearby!
A hound is nearby!
You shoot an arrow. The hound barks!
The arrow hits the hound.
The hound is moderately wounded.
You shoot an arrow. The arrow misses the hound.
You shoot an arrow.
The arrow hits the hound but does no damage.
The hound is moderately wounded.
You shoot an arrow. The arrow hits the hound!
You kill the hound!
Okawaru accepts your kill.
No target in view!
You now have 394 gold pieces (gained 21).
Found a scale mail.
G - 5 smoky purple potions (gained 1)
You open the door.
There is an open door here.
t - a scroll of identify You open the door.
There is an open door here.
An orc comes into view. It is wielding a +0 trident.
Found a scroll labelled UCIULA FOICILO.
You shoot an arrow. The arrow hits the orc.
The orc is lightly wounded.
You hear a shout!
You hear a croak.
A bullfrog comes into view.
Casting: Inner Flame (dangerous; 11% risk of failure)
Confirm with . or Enter, or press ? or * to list all spells.
Aiming: Slow (safe; 1% risk of failure)
Press: ? - help, Shift-Dir - straight line, f - bullfrog, p - orc
Aim: a bullfrog (chance to affect: 56%)
The bullfrog resists with significant effort.
Casting: Slow (safe; 1% risk of failure)
Confirm with . or Enter, or press ? or * to list all spells.
Aiming: Slow (safe; 1% risk of failure)
Press: ? - help, Shift-Dir - straight line, f/p - bullfrog
Aim: a bullfrog (chance to affect: 56%)
The bullfrog resists with significant effort.
Casting: Slow (safe; 1% risk of failure)
Confirm with . or Enter, or press ? or * to list all spells.
Aiming: Slow (safe; 1% risk of failure)
Press: ? - help, Shift-Dir - straight line, f/p - bullfrog
Aim: a bullfrog (chance to affect: 56%)
The bullfrog seems to slow down.
A shadow imp comes into view.
The bullfrog hits you but does no damage.
The bullfrog attacks as you move away!
The bullfrog hits you but does no damage.
There is an open door here.
The bullfrog attacks as you move away! The bullfrog hits you.
The bullfrog snags a nearby blue-tailed skink with its tongue.
The bullfrog attacks as you move away! The bullfrog closely misses you.
The shadow imp gestures at you. Pain shoots through your body!
The bullfrog attacks as you move away! The bullfrog hits you.
Fire: F) +0 shortbow
Press: ? - help, Q - select action, (/) - cycle Shift-Dir - straight line, f/p - bullfrog
Aim: a bullfrog (slow, 64% to hit)
You shoot an arrow. The arrow barely misses the bullfrog.
Fire: F) +0 shortbow
Press: ? - help, Q - select action, (/) - cycle Shift-Dir - straight line, f/p - bullfrog
Aim: a bullfrog (slow, 64% to hit)
You shoot an arrow. The arrow hits the bullfrog!
The bullfrog is moderately wounded.
The bullfrog hits you.
Fire: F) +0 shortbow
Press: ? - help, Q - select action, (/) - cycle Shift-Dir - straight line, f/p - bullfrog
Aim: a bullfrog (moderately wounded, slow, 64% to hit)
You shoot an arrow. The arrow barely misses the bullfrog.
The bullfrog hits you but does no damage.
Fire: F) +0 shortbow
Press: ? - help, Q - select action, (/) - cycle Shift-Dir - straight line, f/p - bullfrog
Aim: a bullfrog (moderately wounded, slow, 64% to hit)
You shoot an arrow. The arrow barely misses the bullfrog.
The arrow hits the shadow imp.
The shadow imp is heavily wounded.
The bullfrog misses you.
The orc hits you from afar with a +0 trident!
The shadow imp attacks as you move away!
The shadow imp misses you. The bullfrog attacks as you move away!
The bullfrog hits you.
There is an open door here.
Casting: Slow (safe; 1% risk of failure)
Confirm with . or Enter, or press ? or * to list all spells.
Aiming: Slow (safe; 1% risk of failure)
Press: ? - help, Shift-Dir - straight line, f/p - bullfrog
Aim: a bullfrog (moderately wounded, slow, chance to affect: 56%)
The bullfrog resists with significant effort.
The bullfrog barely misses you.
Casting: Slow (safe; 1% risk of failure)
Confirm with . or Enter, or press ? or * to list all spells.
Aiming: Slow (safe; 1% risk of failure)
Press: ? - help, Shift-Dir - straight line, f/p - bullfrog
Aim: a bullfrog (moderately wounded, slow, chance to affect: 56%)
The bullfrog seems to slow down.
The bullfrog barely misses you.
Fire: F) +0 shortbow
Press: ? - help, Q - select action, (/) - cycle Shift-Dir - straight line, f - orc, p - bullfrog
Aim: an orc, wielding a +0 trident (70% to hit)
You shoot an arrow. The arrow hits the bullfrog.
The bullfrog is heavily wounded.
The bullfrog barely misses you. The orc barely misses you.
Fire: F) +0 shortbow
Press: ? - help, Q - select action, (/) - cycle Shift-Dir - straight line, f/p - orc
Aim: an orc, wielding a +0 trident (70% to hit)
You shoot an arrow. The arrow hits the bullfrog.
The bullfrog is heavily wounded.
The bullfrog barely misses you.
Fire: F) +0 shortbow
Press: ? - help, Q - select action, (/) - cycle Shift-Dir - straight line, f/p - orc
Aim: an orc, wielding a +0 trident (70% to hit)
You shoot an arrow.
The arrow hits the bullfrog but does no damage.
The bullfrog is heavily wounded.
The orc closely misses you.
The bullfrog hits you but does no damage.
Fire: F) +0 shortbow
Press: ? - help, Q - select action, (/) - cycle Shift-Dir - straight line, f/p - orc
Aim: an orc, wielding a +0 trident (70% to hit)
You shoot an arrow. The arrow hits the bullfrog!
You kill the bullfrog!
Okawaru accepts your kill. The orc misses you.
Fire: F) +0 shortbow
Press: ? - help, Q - select action, (/) - cycle Shift-Dir - straight line, f/p - orc
Aim: an orc, wielding a +0 trident (70% to hit)
You shoot an arrow. The arrow closely misses the orc.
The orc misses you.
Casting: Slow (safe; 1% risk of failure)
Confirm with . or Enter, or press ? or * to list all spells.
Aiming: Slow (safe; 1% risk of failure)
Press: ? - help, Shift-Dir - straight line, f/p - orc
Aim: an orc, wielding a +0 trident (chance to affect: 73%)
The orc seems to slow down.
The orc misses you.
Casting: Slow (safe; 1% risk of failure)
Confirm with . or Enter, or press ? or * to list all spells.
Aiming: Slow (safe; 1% risk of failure)
Press: ? - help, Shift-Dir - straight line, f/p - orc
Aim: an orc, wielding a +0 trident (slow, chance to affect: 73%)
The shadow imp seems to slow down.
Casting: Slow (safe; 1% risk of failure)
Confirm with . or Enter, or press ? or * to list all spells.
Aiming: Inner Flame (dangerous; 11% risk of failure)
Press: ? - help, Dir - move target, f/p - orc
Aim: an orc, wielding a +0 trident (slow, chance to affect: 87%)
The orc barely resists.
Casting: Inner Flame (dangerous; 11% risk of failure)
Confirm with . or Enter, or press ? or * to list all spells.
Aiming: Inner Flame (dangerous; 11% risk of failure)
Press: ? - help, Dir - move target, f - shadow imp, p - orc
Aim: a shadow imp (heavily wounded, slow, chance to affect: 81%)
The shadow imp is filled with an inner flame.
Fire: F) +0 shortbow
Press: ? - help, Q - select action, (/) - cycle Shift-Dir - straight line, f/p - shadow imp
Aim: a shadow imp (heavily wounded, inner flame, slow, 67% to hit)
You shoot an arrow. The arrow barely misses the shadow imp.
The arrow hits the orc.
The orc is heavily wounded.
Fire: F) +0 shortbow
Press: ? - help, Q - select action, (/) - cycle Shift-Dir - straight line, f/p - shadow imp
Aim: a shadow imp (heavily wounded, inner flame, slow, 67% to hit)
You shoot an arrow. The arrow hits the shadow imp.
Flame seeps out of the shadow imp.
The shadow imp is severely wounded.
The shadow imp is engulfed in blazing flames.
Okawaru accepts your kill.
The shadow imp explodes!
Fire: F) +0 shortbow
Press: ? - help, Q - select action, (/) - cycle Shift-Dir - straight line, f - orc
Aim: an orc, wielding a +0 trident (moderately wounded, slow, 70% to hit)
You shoot an arrow. The arrow closely misses the orc.
Fire: F) +0 shortbow
Press: ? - help, Q - select action, (/) - cycle Shift-Dir - straight line, f/p - orc
Aim: an orc, wielding a +0 trident (moderately wounded, slow, 70% to hit)
You shoot an arrow. The arrow hits the orc.
The orc is heavily wounded.
Fire: F) +0 shortbow
Press: ? - help, Q - select action, (/) - cycle Shift-Dir - straight line, f/p - orc
Aim: an orc, wielding a +0 trident (heavily wounded, slow, 70% to hit)
You shoot an arrow. The arrow hits the orc.
You kill the orc!
Okawaru accepts your kill.
You open the door.
You see here a +0 trident.
There is an open door here.
There is an open door here.
Found a stone staircase leading down.
i - 2 scrolls labelled UCIULA FOICILO (gained 1)
There is a broken door here.
You open the door.
There is an open door here.
You open the door.
There is an open door here.
You open the door.
There is an open door here.
Key pressed, stopping explore.
There is a broken door here.
G - 6 smoky purple potions (gained 1)
There is an open door here.
You open the door.
There is an open door here.
You now have 404 gold pieces (gained 10).
You open the door.
There is an open door here.
s - 4 potions of heal wounds (gained 1)
There is an open door here.
You open the door.
There is an open door here.
There is an open door here.
You open the door.
There is an open door here.
You open the door.
There is an open door here.
H - a scroll labelled DUDEEGISKONIU
Found a scimitar.
You open the door.
There is an open door here.
As you open the door, it creaks loudly!
You hear a shout! x3
Found 14 gold pieces.
A scorpion comes into view.
An orc priest comes into view. It is wielding a +0 dagger.
There is an open door here.
Casting: Inner Flame (dangerous; 11% risk of failure)
Confirm with . or Enter, or press ? or * to list all spells.
Aiming: Slow (safe; 1% risk of failure)
Press: ? - help, Shift-Dir - straight line, f - orc priest
Aim: an orc priest, wielding a +0 dagger (chance to affect: 56%)
Okay, then.
Fire: F) +0 shortbow
Press: ? - help, Q - select action, (/) - cycle Shift-Dir - straight line, f - scorpion
Aim: a scorpion (wandering, hasn't noticed you, 70% to hit)
You shoot an arrow.
The arrow hits the scorpion but does no damage.
There is an open door here.
Casting: Slow (safe; 1% risk of failure)
Confirm with . or Enter, or press ? or * to list all spells.
Aiming: Inner Flame (dangerous; 11% risk of failure)
Press: ? - help, Dir - move target, f - orc priest
Aim: an orc priest, wielding a +0 dagger (chance to affect: 75%)
The orc priest is filled with an inner flame.
Casting: Inner Flame (dangerous; 11% risk of failure)
Confirm with . or Enter, or press ? or * to list all spells.
Aiming: Inner Flame (dangerous; 11% risk of failure)
Press: ? - help, Dir - move target, f - scorpion, p - orc priest
Aim: a scorpion (chance to affect: 75%)
The scorpion struggles to resist.
Unknown command.
Casting: Inner Flame (dangerous; 11% risk of failure)
Confirm with . or Enter, or press ? or * to list all spells.
Aiming: Slow (safe; 1% risk of failure)
Press: ? - help, Shift-Dir - straight line, f/p - scorpion
Aim: a scorpion (chance to affect: 56%)
The scorpion resists with significant effort.
Casting: Slow (safe; 1% risk of failure)
Confirm with . or Enter, or press ? or * to list all spells.
Aiming: Slow (safe; 1% risk of failure)
Press: ? - help, Shift-Dir - straight line, f/p - scorpion
Aim: a scorpion (chance to affect: 56%)
The scorpion seems to slow down.
Casting: Slow (safe; 1% risk of failure)
Confirm with . or Enter, or press ? or * to list all spells.
Aiming: Inner Flame (dangerous; 11% risk of failure)
Press: ? - help, Dir - move target, f/p - scorpion
Aim: a scorpion (slow, chance to affect: 75%)
The scorpion is filled with an inner flame.
The orc priest looks satisfied for a moment.
The orc priest mumbles some strange prayers to Beogh against you.
Pain shoots through your body!
The orc priest begins to cast a cantrip, but forgets the words!
The scorpion is no longer moving slowly.
Fire: F) +0 shortbow
Press: ? - help, Q - select action, (/) - cycle Shift-Dir - straight line, f/p - scorpion
Aim: a scorpion (inner flame, 70% to hit)
You shoot an arrow.
The arrow hits the scorpion but does no damage.
The orc priest looks encouraged for a moment.
Fire: F) +0 shortbow
Press: ? - help, Q - select action, (/) - cycle Shift-Dir - straight line, f/p - scorpion
Aim: a scorpion (inner flame, 70% to hit)
You shoot an arrow. The arrow hits the scorpion!
Flame seeps out of the scorpion.
The scorpion is moderately wounded.
The scorpion is engulfed in blazing flames.
Flame seeps out of the scorpion.
Fire: F) +0 shortbow
Press: ? - help, Q - select action, (/) - cycle Shift-Dir - straight line, f/p - scorpion
Aim: a scorpion (almost dead, inner flame, 70% to hit)
You shoot an arrow. The arrow hits the scorpion!
Okawaru accepts your kill.
The scorpion explodes!
The fiery explosion engulfs you!!
Ouch! That really hurt!
* * * LOW HITPOINT WARNING * * *
You are engulfed in blazing flames.
You die...

.......#........#....#.....#.....
.......#........#....#.....#.....
.......#........#....#.....#.....
.......#........#....#.....#.....
.......#+########...###....#.....
#####..........##.>.###....#.....
....#..........#......#....'.....
....#.........§#§.<...#....#.....
....#......o..○§@................
....#.........§§###.....###......
....#...........#####_#####.#.###
...##...........###.....###.#.#
####.........##...............#
#.........############....##
#.........# ###### #....)....#
#.........#


You could see an orc priest (inner flame).

Vanquished Creatures
  A troll (D:6)
  A sky beast (D:6)
  An orc warrior (D:6)
  2 ice beasts (D:5)
  4 black bears
  2 ogres
  A centaur (D:5)
  2 phantoms
  2 kobold brigands (D:6)
  3 bullfrogs
  2 necrophages
  2 gnoll sergeants (D:5)
  5 scorpions
  A howler monkey (D:6)
  A jelly (D:5)
  A hound (D:7)
  An iguana (D:4)
  An orc wizard (D:4)
  4 adders
  3 shadow imps
  3 white imps
  An ufetubus (D:6)
  2 worms (D:5)
  3 dart slugs
  32 orcs
  11 endoplasms
  4 giant cockroaches
  9 goblins
  6 hobgoblins
  13 jackals
  14 kobolds
  2 quokkas (D:2)
  6 ball pythons
  8 bats
  A frilled lizard (D:2)
  6 rats
161 creatures vanquished.

Vanquished Creatures (others)
  A centaur (D:5)
  A scorpion (D:5)
  34 fungi (D:3)
  24 plants
60 creatures vanquished.

Grand Total: 221 creatures vanquished

Notes
Turn   | Place    | Note
-------+----------+-------------------------------------------
     0 | D:1      | sleeves the Deep Elf Hexslinger began the quest for the
                  | Orb.
     0 | D:1      | Reached XP level 1. HP: 11/11 MP: 5/5
    56 | D:1      | Reached skill level 3 in Ranged Weapons
   274 | D:1      | Reached XP level 2. HP: 16/16 MP: 6/6
   396 | D:1      | Reached skill level 4 in Ranged Weapons
   773 | D:1      | Reached XP level 3. HP: 17/20 MP: 7/7
   955 | D:2      | HP: 7/20 [kobold/+1 dagger of protection (5)]
  1125 | D:2      | Found a faded altar of an unknown god.
  1134 | D:2      | Reached skill level 5 in Ranged Weapons
  1260 | D:2      | Noticed Natasha
  2005 | D:2      | Reached XP level 4. HP: 24/24 MP: 8/8
  2095 | D:3      | Found a glowing golden altar of the Shining One.
  2144 | D:3      | Reached skill level 6 in Ranged Weapons
  2175 | D:3      | Found Bunep's General Store.
  2199 | D:3      | Bought a scroll of identify for 24 gold pieces
  2356 | D:3      | Found a radiant altar of Vehumet.
  2378 | D:3      | Found a snail-covered altar of Cheibriados.
  2764 | D:4      | Noticed a scorpion
  2788 | D:4      | Killed a scorpion
  2789 | D:4      | Reached skill level 7 in Ranged Weapons
  2789 | D:4      | Reached XP level 5. HP: 28/28 MP: 7/9
  2818 | D:4      | Noticed an ogre
  2933 | D:4      | Found a hazy altar of Hepliaklqana.
  2965 | D:4      | Found a blossoming altar of Fedhas.
  3039 | D:4      | Killed an ogre
  3040 | D:4      | Reached skill level 8 in Ranged Weapons
  3040 | D:4      | Reached XP level 6. HP: 33/33 MP: 8/10
  3072 | D:4      | Reached skill level 5 in Hexes
  3377 | D:4      | Found a shimmering altar of Xom.
  3750 | D:4      | Found a runed translucent door.
  3751 | D:4      | Noticed Crazy Yiuf
  3752 | D:4      | Identified the +1 hammer of Ceaphein {venom, Fly rElec rN+
                  | Dex-3}
  3791 | D:5      | Entered Level 5 of the Dungeon
  3913 | D:5      | HP: 15/33 [poisoned by an orc]
  3918 | D:5      | HP: 12/33 [poisoned by an orc]
  4378 | D:5      | Reached skill level 6 in Hexes
  4378 | D:5      | Reached XP level 7. HP: 28/37 MP: 11/11
  4401 | D:5      | Reached skill level 9 in Ranged Weapons
  4474 | D:5      | HP: 14/37 [gnoll sergeant/+0 spear (8)]
  4730 | D:5      | Reached skill level 7 in Hexes
  5025 | D:5      | Reached skill level 10 in Ranged Weapons
  5158 | D:5      | Reached skill level 8 in Hexes
  5182 | D:5      | Reached XP level 8. HP: 42/42 MP: 12/12
  5602 | D:5      | Reached skill level 11 in Ranged Weapons
  5697 | D:6      | Reached skill level 9 in Hexes
  5701 | D:6      | Learned a level 3 spell: Inner Flame
  5706 | D:6      | Learned a level 4 spell: Cause Fear
  5800 | D:6      | Found a staircase to the Ecumenical Temple.
  5846 | Temple   | Entered the Ecumenical Temple
  5918 | Temple   | Became a worshipper of Warmaster Okawaru
  6029 | D:6      | Found Ahiduhaukosm's Assorted Antiques.
  6181 | D:6      | Noticed a troll
  6232 | D:6      | Killed a troll
  6233 | D:6      | Reached skill level 12 in Ranged Weapons
  6233 | D:6      | Reached skill level 10 in Hexes
  6396 | D:6      | Reached * piety under Okawaru
  6397 | D:6      | Reached XP level 9. HP: 46/46 MP: 13/13
  6431 | D:6      | Reached skill level 13 in Ranged Weapons
  6740 | D:7      | Found a broken altar of Ashenzari.
  7420 | D:7      | HP: 13/46 [spore (33)]
  7420 | D:7      | Engulfed by a cloud of flame

Illustrated notes

Levels and vault maps discovered:
D:1:      dpeg_arrival_line_fractal, layout_loops_corners
D:2:      kennysheep_big_flooded_room, layout_loops_cross,
          shapermc_ecumenical_altar_mp_urbaneastern, uniq_natasha
D:3:      layout_basic, mainiacjoe_overflow_small_starburst,
          mainiacjoe_overflow_catch_the_wave, serial_shops, shop,
          serial_bayou_ford_a, kennysheep_generic_room_16
D:4:      layout_basic, nicolae_hepliaklqana_hazy_memory, marbit_many_paths,
          mainiacjoe_overflow_surrounded_room, uniq_crazy_yiuf_cottage
D:5:      cheibrodos_barr_body, layout_basic, chequers_serial_rivers_large_b
D:6:      minmay_opposing_rooms, layout_rooms,
          minmay_temple_entry_gardened_gates, serial_shops,
          nicolae_shop_crystal, mrwooster_statue_mirror
D:7:      layout_gridville, mainiacjoe_overflow_cross_hatched,
          cheibrodos_ashenzari_chains, grunt_ministairs_15, uniq_pikel
Temple:   eino_temple_lava

Skill      XL: |  1  2  3  4  5  6  7  8  9 |
---------------+----------------------------+-----
Ranged Weapons | 3 4 5 7 8 10 12 13 | 13.8
Hexes          | 6 8 10 | 10.0
Fighting       | |  0.7
Dodging        | |  2.4
Spellcasting   | |  1.5

Action                   |  1- 3 |  4- 6 |  7- 9 || total
-------------------------+-------+-------+-------++-------
 Fire: Sling             |   115 |   239 |   105 ||   459
       Shortbow          |       |       |   149 ||   149
 Cast: Slow              |     9 |    23 |    55 ||    87
       Inner Flame       |       |       |    16 ||    16
Evoke: Wand              |       |     3 |       ||     3
  Use: Scroll            |       |     3 |     6 ||     9
Armor: Robe              |     2 |     4 |       ||     6
       Leather armour    |       |       |     8 ||     8
Dodge: Dodged            |    30 |    33 |    52 ||   115

Table legend: (Time is in decaauts)
 A = Elapsed time spent in this place.
 B = Non-inter-level travel time spent in this place.
 C = Inter-level travel time spent in this place.
 D = Time resting spent in this place.
 E = Time spent auto-exploring this place.
 F = Levels seen in this place.
 G = Mean time per level.
                   A        B        C        D        E       F      G
               +--------+--------+--------+--------+--------+-----+--------+
         Total |   7461 |   7088 |    373 |     36 |   5380 |   8 |  932.6 |
       Dungeon |   7379 |   7028 |    351 |     36 |   5333 |   7 | 1054.1 |
        Temple |     81 |     59 |     22 |      0 |     47 |   1 |   81.0 |
               +--------+--------+--------+--------+--------+-----+--------+

Top non-repeatable levels by time:
     D:5: 1684 daAuts
     D:4: 1238 daAuts
     D:2: 1056 daAuts
     D:1: 1044 daAuts
     D:6: 1015 daAuts
     D:7: 674 daAuts
     D:3: 665 daAuts
  Temple: 81 daAuts
